 Dungeon Crawl Stone Soup version 0.31-a0-949-g57150269e1 (webtiles) character file.

Game seed: 10036658064490274826

4338 mattiecakes the Spear-Bearer (level 10, -5/61 HPs)
             Began as a Gargoyle Fighter on Oct 22, 2023.
             Slain by a gargoyle
             ... wielding a +0 morningstar
              (11 damage)
             ... on level 8 of the Dungeon.
             The game lasted 00:41:02 (7432 turns).

mattiecakes the Spear-Bearer (Gargoyle Fighter)     Turns: 7432, Time: 00:41:03

Health: -5/61      AC: 22    Str: 30    XL:     10   Next: 33%
Magic:  10/10      EV:  7    Int:  9    God:
Gold:   408        SH:  0    Dex:  9    Spells: 9/9 levels left

rFire   . . .        u - +3 spear "Kakoff" {heavy, rElec Str+6}
rCold   . . .        c - +0 buckler
rNeg    + . .        i - +1 plate armour
rPois   ∞            D - +0 helmet
rElec   +            (no cloak)
rCorr   +            m - +0 pair of gloves
SInv    +            (no boots)
Will    .....        (no amulet) Stlth
                     o - ring of see invisible
HPRegen 0.30/turn    n - ring of resist corrosion
MPRegen 0.12/turn

%: no passive effects
@: confused, ambrosia-drunk
A: sickness immunity, AC +7, negative energy resistance 1, electricity
resistance, torment resistance 1, petrification resistance, shaggy fur 1
a: no special abilities


You were on level 8 of the Dungeon.
You visited 1 branch of the dungeon, and saw 8 of its levels.

You collected 408 gold pieces.

Inventory:

Hand Weapons
 a - a +0 flail
 l - the +1 dagger of Recklessness {venom, MP+9 Int+4 SInv Stlth+}
   (You found it on level 2 of the Dungeon)

   Int+4:     It affects your intelligence (+4).
   MP+9:      It affects your magic capacity (+9).
   SInv:      It lets you see invisible.
   Stlth+:    It makes you more stealthy.
 u - the +3 spear "Kakoff" (weapon) {heavy, rElec Str+6}
   (You found it on level 3 of the Dungeon)

   Str+6:     It affects your strength (+6).
   rElec:     It insulates you from electricity.
Armour
 b - a +0 scale mail
 c - a +0 buckler (worn)
 i - a +1 plate armour (worn)
 m - a +0 pair of gloves (worn)
 D - a +0 helmet (worn)
Jewellery
 d - a +5 ring of evasion
 n - a ring of resist corrosion (right hand)
 o - a ring of see invisible (left hand)
 p - an amulet of faith
Wands
 t - a wand of polymorph (5)
 v - a wand of roots (11)
 B - a wand of flame (24)
Scrolls
 e - 2 scrolls of teleportation {unknown}
 g - 2 scrolls of enchant armour
 h - 8 scrolls of identify
 k - a scroll of brand weapon {unknown}
 r - a scroll of immolation {unknown}
 x - 3 scrolls of enchant weapon {unknown}
 y - a scroll of poison {unknown}
 z - a scroll of amnesia
Potions
 j - a potion of brilliance
 q - a potion of lignification {unknown}
 s - a potion of cancellation
 w - a potion of haste
 A - a potion of attraction {unknown}
 C - a potion of enlightenment {unknown}


   Skills:
 - Level 6.4 Fighting
 - Level 2.0 Maces & Flails
 + Level 12.6 Polearms
 - Level 3.2 Armour
 - Level 3.2 Shields


You had 9 spell levels left.
You didn't know any spells.
Your spell library contained the following spells:

 Spells                   Type           Power      Damage    Failure   Level
 Lesser Beckoning         Tloc           0%         N/A       100%        2
 Gell's Gravitas          Tloc           0%         N/A       100%        3
 Ignite Poison            Fire/Tmut/Pois 0%         N/A       100%        3
 Inner Flame              Hex/Fire       0%         N/A       100%        3
 Teleport Other           Tloc           0%         N/A       100%        3
 Flame Wave               Conj/Fire      0%         2d4       100%        4
 Manifold Assault         Tloc           0%         N/A       100%        4
 Olgreb's Toxic Radiance  Pois           0%         N/A       100%        4
 Sticky Flame             Conj/Fire      0%         2d3       100%        4
 Freezing Cloud           Conj/Ice/Air   0%         6-21      100%        5
 Dispersal                Tloc           0%         N/A       100%        6
 Discord                  Hex            0%         N/A       100%        8
 Disjunction              Tloc           0%         N/A       100%        8
 Ignition                 Fire           0%         3d3       100%        8
 Cigotuvi's Dreadful Rot  Necr/Pois/Air  Unusable   N/A       N/A         2

Dungeon Overview and Level Annotations

Branches:
Dungeon (8/15)             Temple (0/1) D:4
   Lair: D:8-11

Altars:
Cheibriados
Zin

Shops:
D:5 [   D:6 [   D:7 *

Portals:
Bailey: D:8


Innate Abilities, Weirdness & Mutations

You are immune to sickness and miasma.
Your stone body is resilient. (AC +7)
You are immune to poison.
You resist negative energy. (rN+)
You are resistant to electric shocks. (rElec)
You are resistant to unholy torment.
You are immune to petrification.
You are covered in fur. (AC +1)


Message History

The skeletal warrior hits you but does no damage.
You closely miss the skeletal warrior.
The skeletal warrior is almost destroyed.
You closely miss the skeletal warrior.
The skeletal warrior is almost destroyed.
The skeletal warrior hits you with a +0 short sword.
You puncture the skeletal warrior!
You destroy the skeletal warrior!
The centaur warrior wields a +0 shortbow.
The centaur warrior shoots an arrow.
The arrow hits you!
You are too injured to fight recklessly!
You are too injured to fight recklessly!
You are too injured to fight recklessly!
The gargoyle attacks as it pursues you!
The gargoyle hits you with a +0 morningstar.
You are too injured to fight recklessly!
You are too injured to fight recklessly!
You are too injured to fight recklessly!
You are too injured to fight recklessly!
You are too injured to fight recklessly!
You are too injured to fight recklessly!
You are too injured to fight recklessly!
You are too injured to fight recklessly!
You are too injured to fight recklessly!
Unknown command.
You hit the gargoyle but do no damage.
The gargoyle hits you with a +0 morningstar!
* * * LOW HITPOINT WARNING * * *
You completely miss the gargoyle. You hit the gargoyle.
The gargoyle is lightly damaged.
The gargoyle hurls a stone arrow at you.
The stone arrow hits you!
* * * LOW HITPOINT WARNING * * *
Unknown command.
You are too injured to fight recklessly!
You are confused.
You feel invigorated.
The gargoyle hits you with a +0 morningstar!
You die...

....#.###.......8....∩....8#
......................)....#
.....###...................##
......###.........8.....8...#
......#.#...)........8......#
................######..##..#
..........).....###.##...†.####
....(...)).....................#
.........#######@.#.##.#######.#
.........#P..cP#9##.#..#
.........#.###.#c##..#.#
......)).# +[#.'..#.#..#
#....#)<.#.###.#)#...#.#
#.###....#P...P#.#..##.#
#..#.....#######.#.#.#.#
#............ ..#####..
.........##.# ##. .#


You could see a centaur warrior and a gargoyle.

Vanquished Creatures
  A two-headed ogre (D:8)
  A skeletal warrior (D:8)
  The ghost of gurdl9716 the Poker, an amateur MiFi (D:4)
  Prince Ribbit (D:5)
  A steam dragon (D:6)
  An ice beast (D:6)
  An orc warrior (D:3)
  2 black bears (D:7)
  An ogre (D:6)
  A centaur (D:7)
  2 phantoms
  A kobold brigand (D:8)
  4 bullfrogs
  A scorpion (D:5)
  12 wights
  6 howler monkeys
  A hound (D:5)
  2 orc priests
  Crazy Yiuf (D:2)
  A gnoll bouda (D:8)
  A sleepcap (D:6)
  An iguana (D:6)
  10 orc wizards
  4 gnolls (D:8)
  10 adders
  2 river rats
  2 shadow imps
  6 worms
  4 dart slugs
  31 orcs
  10 ball pythons
  9 bats
  7 endoplasms
  5 giant cockroaches
  5 hobgoblins
  8 kobolds
  9 quokkas
  5 frilled lizards
  10 goblins
  3 rats
184 creatures vanquished.

Notes
Turn   | Place    | Note
-------+----------+-------------------------------------------
     0 | D:1      | mattiecakes the Gargoyle Fighter began the quest for the
                  | Orb.
     0 | D:1      | Reached XP level 1. HP: 14/14 MP: 1/1
   165 | D:1      | Reached XP level 2. HP: 11/20 MP: 2/2
   602 | D:1      | Reached XP level 3. HP: 24/24 MP: 3/3
   944 | D:2      | Identified the +1 dagger of Recklessness {venom, MP+9 Int+4
                  | SInv Stlth+}
  1061 | D:2      | Reached skill level 5 in Fighting
  1097 | D:2      | Reached XP level 4. HP: 31/31 MP: 4/4
  2035 | D:2      | Found a runed translucent door.
  2036 | D:2      | Noticed Crazy Yiuf
  2048 | D:2      | Killed Crazy Yiuf
  2049 | D:2      | Reached XP level 5. HP: 29/36 MP: 5/5
  2282 | D:3      | Identified the +3 spear "Kakoff" {heavy, rElec Str+6}
  2321 | D:3      | Reached skill level 1 in Polearms
  2371 | D:3      | Found a glowing silver altar of Zin.
  2373 | D:3      | Noticed an orc warrior
  2379 | D:3      | Gained mutation: Your body sometimes deteriorates upon
                  | taking damage. [potion of mutation]
  2379 | D:3      | Gained mutation: You are weak. (Str -2) [potion of
                  | mutation]
  2379 | D:3      | Gained mutation: You expend magic power (3 MP) to
                  | strengthen your wands. [potion of mutation]
  2394 | D:3      | Reached skill level 2 in Polearms
  2402 | D:3      | Killed an orc warrior
  2403 | D:3      | Reached skill level 3 in Polearms
  2403 | D:3      | Reached XP level 6. HP: 4/42 MP: 6/6
  2597 | D:3      | Found a snail-covered altar of Cheibriados.
  2925 | D:4      | Reached skill level 4 in Polearms
  3047 | D:4      | Found a runed translucent door.
  3058 | D:4      | Noticed gurdl9716's ghost (amateur MiFi)
  3062 | D:4      | Reached XP level 7. HP: 44/47 MP: 7/7
  3085 | D:4      | HP: 1/47 [gurdl9716's ghost (6)]
  3569 | D:3      | Reached skill level 5 in Polearms
  3606 | D:4      | Killed gurdl9716's ghost
  3607 | D:4      | Reached skill level 6 in Polearms
  3679 | D:5      | Entered Level 5 of the Dungeon
  3689 | D:5      | Reached XP level 8. HP: 52/52 MP: 8/8
  3693 | D:5      | Noticed Prince Ribbit
  3696 | D:5      | Lost mutation: Your body sometimes deteriorates upon taking
                  | damage. [potion of mutation]
  3696 | D:5      | Lost mutation: You expend magic power (3 MP) to strengthen
                  | your wands. [potion of mutation]
  3696 | D:5      | Lost mutation: You are weak. (Str -2) [potion of mutation]
  3696 | D:5      | Gained mutation: You are covered in fur. (AC +1) [potion of
                  | mutation]
  3706 | D:5      | Killed Prince Ribbit
  3707 | D:5      | Reached skill level 7 in Polearms
  4438 | D:5      | Found Anopp's Armour Shoppe.
  4618 | D:6      | Found Sukaeqau's Antique Armour Emporium.
  4783 | D:6      | Reached skill level 8 in Polearms
  5217 | D:6      | Reached skill level 9 in Polearms
  5576 | D:6      | Reached XP level 9. HP: 56/56 MP: 9/9
  6221 | D:7      | Reached skill level 10 in Polearms
  6698 | D:7      | Found Horixt's Lightly-Used Armoury.
  6788 | Bailey   | Identified the "Nazi"
  7103 | D:8      | Noticed a two-headed ogre
  7119 | D:8      | Killed a two-headed ogre
  7120 | D:8      | Reached skill level 11 in Polearms
  7120 | D:8      | Reached XP level 10. HP: 54/61 MP: 10/10
  7239 | D:8      | Reached skill level 12 in Polearms
  7361 | D:8      | Found a flagged portal.
  7400 | D:8      | Noticed a skeletal warrior
  7400 | D:8      | Noticed a centaur warrior
  7401 | D:8      | Noticed a gargoyle
  7427 | D:8      | Killed a skeletal warrior
  7431 | D:8      | HP: 2/61 [gargoyle/stone arrow (7)]
  7432 | D:8      | Slain by a gargoyle

Illustrated notes

Levels and vault maps discovered:
D:1:      roadster_arrival_rocket_large, layout_basic, minmay_domino_2
D:2:      minmay_inner_zag, layout_loops_corners, minmay_joined_circles,
          uniq_crazy_yiuf_cottage
D:3:      minmay_bubble_buster, layout_basic, lemuel_crystal_altar, slow_altar_1
D:4:      layout_gridville, minmay_temple_entry_fiery, ebering_ghost_sewer_f
D:5:      layout_basic, serial_shops, shop, uniq_prince_ribbit1
D:6:      layout_basic, serial_shops, shop
D:7:      layout_basic, minmay_shop_damaged
D:8:      minmay_flawed_box, layout_cave_pools, enter_bailey_6,
          minmay_shattered_shrine, uniq_grum

Skill      XL: |  1  2  3  4  5  6  7  8  9 10 |
---------------+-------------------------------+-----
Fighting       | 4 5 6 |  6.4
Polearms       | 3 4 6 9 11 12 | 12.6
Maces & Flails | |  2.0
Armour         | |  3.2
Shields        | |  3.2

Action                     |  1- 3 |  4- 6 |  7- 9 | 10-12 || total
---------------------------+-------+-------+-------+-------++-------
  Melee: Flail             |    62 |       |       |       ||    62
         Dagger            |    29 |   105 |       |       ||   134
         Spear             |       |    82 |   257 |    81 ||   420
    Use: Potion            |       |     7 |     8 |     1 ||    16
         Scroll            |       |     5 |     1 |       ||     6
 Armour: Scale mail        |    33 |       |       |       ||    33
         Plate armour      |    58 |   138 |   268 |    38 ||   502
  Dodge: Dodged            |    40 |    49 |    78 |    12 ||   179
  Block: Buckler           |    17 |    35 |    32 |    11 ||    95

Table legend: (Time is in decaauts)
 A = Elapsed time spent in this place.
 B = Non-inter-level travel time spent in this place.
 C = Inter-level travel time spent in this place.
 D = Time resting spent in this place.
 E = Time spent auto-exploring this place.
 F = Levels seen in this place.
 G = Mean time per level.
                   A        B        C        D        E       F      G
               +--------+--------+--------+--------+--------+-----+--------+
         Total |   7472 |   7211 |    261 |   1097 |   4759 |   8 |  934.0 |
       Dungeon |   7472 |   7211 |    261 |   1097 |   4759 |   8 |  934.0 |
               +--------+--------+--------+--------+--------+-----+--------+

Top non-repeatable levels by time:
     D:3: 1350 daAuts
     D:6: 1232 daAuts
     D:2: 1203 daAuts
     D:7: 995 daAuts
     D:1: 925 daAuts
     D:5: 887 daAuts
     D:8: 599 daAuts
     D:4: 279 daAuts
